 Dungeon Crawl Stone Soup version 0.28.0 (webtiles) character file.

Game seed: 6872863885037159663

6169 pkoi the Stormcaller (level 10, -2/69 HPs)
             Began as a Yellow Draconian Air Elementalist on Feb 10, 2022.
             Was an Initiate of Gozag.
             Shot with an arrow by a centaur warrior (19 damage)
             ... on level 9 of the Dungeon.
             The game lasted 00:19:57 (16091 turns).

pkoi the Stormcaller (DrAE)                        Turns: 16091, Time: 00:19:58

Health: -2/69      AC: 11    Str: 11    XL:     10   Next: 60%
Magic:  3/14       EV: 12    Int: 19    God:    Gozag
Gold:   756        SH:  0    Dex: 12    Spells: 4/15 levels left

rFire   . . .      SeeInvis .   v - +2 dagger (venom)
rCold   . . .      Faith    .   (no shield)
rNeg    . . .      Spirit   .   (armour unavailable)
rPois   .          Reflect  .   (helmet restricted)
rElec   .          Harm     .   k - scarf {repulsion}
rCorr   +          Rampage  .   w - +2 pair of gloves
Will    .....                   i - +0 pair of boots
Stlth   ++........              f - amulet of magic regeneration
HPRegen 0.21/turn               (no ring)
MPRegen 0.54/turn               (no ring)

@: gold aura, repel missiles
A: spit acid, AC +7, unfitting armour, cold-blooded, acid resistance
a: Breathe Acid, Renounce Religion, Potion Petition, Call Merchant, Bribe Branch


You were on level 9 of the Dungeon.
You worshipped Gozag.
Gozag was pleased with you.
You visited 2 branches of the dungeon, and saw 10 of its levels.

You collected 1519 gold pieces.
You paid 763 gold pieces to Gozag.

Inventory:

Hand Weapons
 d - a +0 club of draining
 n - a +1 dagger of draining
 t - a +1 spear of venom
 v - a +2 dagger of venom (weapon)
Missiles
 r - a throwing net
Armour
 i - a +0 pair of boots (worn)
 k - a scarf of repulsion (worn)
 w - a +2 pair of gloves (worn)
Jewellery
 f - an amulet of magic regeneration (around neck)
Wands
 g - a wand of polymorph (9)
 j - a wand of iceblast (3)
 l - a wand of mindburst (16)
 m - a wand of paralysis (7)
 s - a wand of digging (3)
Scrolls
 a - a scroll of brand weapon
 c - a scroll of blinking
 o - 4 scrolls of teleportation
 u - 4 scrolls of identify
Potions
 b - a potion of might
 e - a potion of haste
 h - a potion of curing
 q - a potion of heal wounds {unknown}


   Skills:
 - Level 1.7 Dodging
 - Level 1.7 Stealth
 - Level 3.0 Spellcasting
 - Level 1.0 Conjurations
 + Level 15.8 Air Magic


You had 4 spell levels left.
You knew the following spells:

 Your Spells              Type           Power      Damage    Failure   Level
a - Shock                 Conj/Air       100%       1d9       1%          1
b - Swiftness             Air            58%        N/A       1%          3
c - Airstrike             Air            29%        N/A       1%          4
d - Mephitic Cloud        Conj/Pois/Air  24%        N/A       4%          3

Your spell library contained the following spells:

 Spells                   Type           Power      Damage    Failure   Level
 Static Discharge         Conj/Air       34%        N/A       1%          2
 Confusing Touch          Hex            2%         N/A       41%         3
 Portal Projectile        Hex/Tloc       4%         N/A       41%         3
 Silence                  Hex/Air        16%        N/A       16%         5
 Freezing Cloud           Conj/Ice/Air   12%        6-21      38%         5
 Maxwell's Capacitive Co  Air            29%        ∞         83%         8
 Yara's Violent Unravell  Hex/Tmut       1%         3d3       99%         5
 Enfeeble                 Hex            1%         N/A       100%        7


Dungeon Overview and Level Annotations

Branches:
Dungeon (9/15)             Temple (1/1) D:5
   Lair: D:8-11         Orc: D:9-12

Altars:
Cheibriados
Dithmenos
Elyvilon
Fedhas
Gozag
Kikubaaqudgha
Makhleb
Nemelex Xobeh
Okawaru
Qazlal
Ru
Sif Muna
Trog
Uskayaw
Vehumet
Wu Jian
Xom
Yredelemnul
Zin
The Shining One

Shops:
D:8 *   D:9 =

Annotations:
D:9 4 runed translucent doors


Innate Abilities, Weirdness & Mutations

You can spit globs of acid.
Your golden yellow scales are hard. (AC +7)
You cannot fit into any form of body armour.
You are cold-blooded and may be slowed by cold attacks.
You are resistant to acid. (rCorr)


Message History

You hit the orc but do no damage.
Your tail-slap misses the orc.
The orc barely misses you.
You hit the orc.
The orc is poisoned.
The orc is heavily wounded.
A centaur warrior comes into view.
The orc misses you.
You hit the orc.
The orc looks as sick as possible!
The orc is severely wounded.
The centaur warrior wields a +0 longbow.
The centaur warrior shoots an arrow.
The arrow hits you!!
* * * LOW HITPOINT WARNING * * *
The orc barely misses you.
You kill the orc!
Aiming: Airstrike (safe; 1% risk of failure)
Press: ? - help, Q - select action, (/) - cycle Dir - move target, f - centaur warrior
Aim: a centaur warrior, wielding a +0 longbow and quivering arrows (empty space bonus: 6/8)
The air twists around and strikes the centaur warrior!
The centaur warrior is lightly wounded.
The centaur warrior shoots an arrow.
The arrow hits you!
* * * LOW HITPOINT WARNING * * *
The centaur warrior is distracted by your dazzling golden aura.
Aiming: Airstrike (safe; 1% risk of failure)
Press: ? - help, Q - select action, (/) - cycle Dir - move target, f/p - centaur warrior
Aim: a centaur warrior, wielding a +0 longbow and quivering arrows (lightly wounded, empty space bonus: 6/8)
The air twists around and strikes the centaur warrior!
The centaur warrior is heavily wounded.
The centaur warrior shouts!
You hear a horrible gurgling sound!
The centaur warrior shoots an arrow.
The arrow hits you!
* * * LOW HITPOINT WARNING * * *
The centaur warrior shoots an arrow.
The arrow barely misses you.
Aiming: Airstrike (safe; 1% risk of failure)
Press: ? - help, Q - select action, (/) - cycle Dir - move target, f/p - centaur warrior
Aim: a centaur warrior, wielding a +0 longbow and quivering arrows (heavily wounded, empty space bonus: 6/8)
The air twists around and strikes the centaur warrior!
The centaur warrior is severely wounded.
The centaur warrior is no longer distracted by gold.
The centaur warrior shoots an arrow.
The arrow hits you!!
You die...
Your body crumbles into a pile of gold.

#.# #####8..8##.#'###
#.## #8....8#...# #..#
#=....$#.c## #?.#
#(...uO#.'## ..##
#8....8#...# ..#
#####8.c8##...# ..#
##.'.##++##....# ..#
#.##$.....$....# '.#
##.#..##..@....# ..##
##...........#
[..######..########'##
)........)## .#
#...####.## ## #####
#.# #######..#
.........# ..........


You could see 2 centaur warriors.

Vanquished Creatures
  2 two-headed ogres
  Grinder (D:1)
  7 yaks
  A wyvern (D:9)
  A basilisk (D:8)
  A steam dragon (D:6)
  2 water moccasins
  3 orc warriors
  2 sky beasts
  An ogre (D:9)
  3 phantoms
  6 centaurs
  A kobold brigand (D:8)
  Blork the orc (D:5)
  2 bullfrogs
  A scorpion (D:4)
  6 howler monkeys
  5 wights (D:9)
  An electric eel (D:9)
  2 centaur zombies
  A hound (D:6)
  Crazy Yiuf (D:2)
  A centaur skeleton (D:6)
  4 orc priests
  A gnoll shaman (D:9)
  Ijyb (D:3)
  Terence (D:2)
  An iguana (D:7)
  5 orc wizards
  Natasha (thrice) (D:4)
  Robin (D:1)
  7 gnolls
  7 adders
  A shadow imp (D:6)
  An adder skeleton (D:4)
  3 dart slugs
  A worm (D:2)
  51 orcs
  12 ball pythons
  7 endoplasms
  6 giant cockroaches
  15 goblins
  15 hobgoblins
  3 jackals (D:3)
  4 quokkas
  4 bats (D:1)
  3 frilled lizards (D:2)
  12 kobolds
  4 rats
225 creatures vanquished.

Vanquished Creatures (others)
  A fungus (D:2)
  16 plants
17 creatures vanquished.

Grand Total: 242 creatures vanquished

Notes
Turn   | Place    | Note
-------+----------+-------------------------------------------
     0 | D:1      | pkoi the Draconian Air Elementalist began the quest for the
                  | Orb.
     0 | D:1      | Reached XP level 1. HP: 14/14 MP: 3/3
   294 | D:1      | Reached XP level 2. HP: 16/20 MP: 1/5
   901 | D:1      | Reached skill level 4 in Air Magic
  1377 | D:1      | Found a bloodstained altar of Trog.
  1480 | D:2      | Noticed Robin
  1525 | D:2      | Reached XP level 3. HP: 26/26 MP: 3/6
  1563 | D:1      | Killed Robin
  1710 | D:2      | Identified the +2 leather armour "Ylo Lis" {Int+7}
  1802 | D:2      | Learned a level 3 spell: Swiftness
  1966 | D:2      | Noticed Terence
  2534 | D:2      | Found a faded altar of an unknown god.
  2633 | D:2      | Reached XP level 4. HP: 9/33 MP: 0/7
  3045 | D:2      | Found a runed translucent door.
  3046 | D:2      | Noticed Crazy Yiuf
  3210 | D:3      | Noticed Grinder
  3273 | D:3      | Noticed Ijyb
  3320 | D:2      | Paralysed by Grinder for 6 turns
  3520 | D:3      | Reached skill level 5 in Air Magic
  4246 | D:3      | Paralysed by Ijyb for 3 turns
  4250 | D:3      | Paralysed by Ijyb for 5 turns
  4258 | D:3      | Killed Ijyb
  4259 | D:3      | Reached XP level 5. HP: 22/38 MP: 0/9
  4393 | D:3      | Learned a level 4 spell: Airstrike
  5514 | D:3      | Reached skill level 6 in Air Magic
  5738 | D:4      | Reached XP level 6. HP: 30/45 MP: 10/10
  5967 | D:4      | Noticed Natasha
  5970 | D:4      | Killed Natasha
  5992 | D:4      | Noticed Natasha
  5999 | D:4      | Killed Natasha
  6443 | D:4      | Noticed Natasha
  6447 | D:4      | Killed Natasha
  6468 | D:4      | Reached skill level 7 in Air Magic
  7302 | D:5      | Entered Level 5 of the Dungeon
  7339 | D:5      | Your scales start taking on a golden yellow colour.
  7339 | D:5      | Reached XP level 7. HP: 45/50 MP: 4/11
  7339 | D:5      | Gained mutation: You are resistant to acid. (rCorr) [Yellow
                  | Draconian growth]
  7431 | D:5      | Noticed Blork the orc
  7438 | D:5      | Killed Blork the orc
  7439 | D:5      | Reached skill level 8 in Air Magic
  7970 | D:5      | Found a staircase to the Ecumenical Temple.
  7998 | Temple   | Entered the Ecumenical Temple
  8326 | Temple   | Became a worshipper of Gozag Ym Sagoz the Greedy
  8456 | D:4      | Reached skill level 9 in Air Magic
  9256 | D:6      | Identified the +0 pair of boots of the Wary Quests {-Cast
                  | +Blink rPois rN+++}
  9498 | D:6      | Reached XP level 8. HP: 55/57 MP: 10/12
  9708 | D:6      | Reached skill level 10 in Air Magic
 10492 | D:7      | Reached skill level 11 in Air Magic
 10663 | D:7      | Identified a scroll of acquirement
 10663 | D:7      | Acquired the Tome of Bewitchment and the Birds
 10669 | D:7      | Learned a level 3 spell: Mephitic Cloud
 11163 | D:1      | Killed Grinder
 11228 | D:2      | Killed Crazy Yiuf
 11229 | D:2      | Reached XP level 9. HP: 62/62 MP: 5/13
 11364 | D:2      | Killed Terence
 11489 | D:8      | Reached skill level 12 in Air Magic
 11905 | D:8      | Found Devituut's General Store.
 13157 | D:9      | Reached skill level 13 in Air Magic
 13325 | D:9      | Noticed a two-headed ogre
 14142 | D:8      | Killed a two-headed ogre
 14143 | D:8      | Reached skill level 14 in Air Magic
 14534 | D:9      | Reached XP level 10. HP: 69/69 MP: 2/14
 15355 | D:9      | Reached skill level 15 in Air Magic
 15683 | D:9      | Found a large runed translucent door.
 15683 | D:9      | Found a large runed translucent door.
 15733 | D:9      | Noticed a purple ugly thing
 15734 | D:9      | Noticed a centaur warrior
 15734 | D:9      | Noticed a two-headed ogre
 15743 | D:9      | Noticed a two-headed ogre
 16002 | D:9      | Noticed a two-headed ogre
 16007 | D:9      | Killed a two-headed ogre
 16058 | D:9      | Found a large runed translucent door.
 16058 | D:9      | Found a large runed translucent door.
 16086 | D:9      | Noticed a centaur warrior
 16091 | D:9      | Shot with an arrow by a centaur warrior

Illustrated notes

Levels and vault maps discovered:
D:1:      dpeg_arrival_lava_altar, layout_basic
D:2:      layout_loops_ring, dilly_ecumenical_altar_fadedgnrine, uniq_terence,
          uniq_crazy_yiuf_cottage, uniq_robin
D:3:      corexii_shack_village, layout_basic, minmay_misc_feat_nine_boxes,
          st_stairs_7, minmay_quadrilaterals, uniq_grinder, uniq_ijyb
D:4:      layout_rooms, uniq_natasha
D:5:      layout_rooms, minmay_temple_entry_wispy, uniq_blork_the_orc
D:6:      layout_basic, kennysheep_generic_room_5
D:7:      layout_rooms
D:8:      layout_loops_corners, serial_shops, nicolae_take_the_stairs,
          kennysheep_minor_cross, hangedman_decor_riveting
D:9:      layout_roguey [special_room_orc], mainiacjoe_overflow_big_doors,
          david_orc_4, minivault_4, minmay_hollow_rounded_squares
Temple:   mainiacjoe_temple_cubbyholes

Skill      XL: |  1  2  3  4  5  6  7  8  9 10 |
---------------+-------------------------------+-----
Air Magic      | 4 5 6 7 9 11 14 15 | 15.8
Spellcasting   | 3 |  3.0
Dodging        | |  1.7
Stealth        | |  1.7
Conjurations   | |  1.0

Action                   |  1- 3 |  4- 6 |  7- 9 | 10-12 || total
-------------------------+-------+-------+-------+-------++-------
Melee: Unarmed           |    20 |       |       |       ||    20
       Tailslap          |     8 |     5 |     8 |     9 ||    30
       Club              |    38 |    15 |       |       ||    53
       Punch             |     2 |       |       |       ||     2
       Dagger            |       |    48 |    20 |    27 ||    95
       Spear             |       |       |    36 |       ||    36
 Cast: Shock             |    97 |   174 |    96 |       ||   367
       Airstrike         |       |       |    75 |    55 ||   130
       Mephitic Cloud    |       |       |       |     2 ||     2
Invok: Call Merchant     |       |       |     1 |       ||     1
 Abil: Breathe Acid      |       |       |     4 |       ||     4
  Use: Scroll            |       |       |    15 |       ||    15
 Stab: Sleeping          |       |       |     1 |     1 ||     2
Armor: Skin              |    25 |    36 |    54 |    10 ||   125
Dodge: Dodged            |    59 |    40 |    91 |    29 ||   219
       Repelled          |       |     4 |     3 |       ||     7
